 Dungeon Crawl Stone Soup version 0.17-a0-1479-g4041c36 (webtiles) character file.

2856 wtf the Vexing (level 9, -1/57 HPs)
             Began as a Demonspawn Enchanter on July 3, 2015.
             Was a Follower of Dithmenos.
             Killed by the air
             ... invoked by Gastronok
              (26 damage)
             ... on level 7 of the Dungeon.
             The game lasted 00:24:02 (7464 turns).

wtf the Vexing (Demonspawn Enchanter)               Turns: 7464, Time: 00:24:02

Health: -1/57      AC:  7    Str:  8    XL:     9   Next: 46%
Magic:  0/18       EV: 16    Int: 20    God:    Dithmenos [*.....]
Gold:   273        SH:  0    Dex: 14    Spells: 4 memorised, 11 levels left

rFire  . . .     SeeInvis .     a - +2 dagger
rCold  . . .     Clarity  .     b - +1 robe
rNeg   . . .     SustAt   .     (no shield)
rPois  .         Gourm    .     (helmet unavailable)
rElec  .         Spirit   +     y - +0 cloak
rCorr  .         Warding  .     D - +1 pair of gloves
rMut   .         Stasis   .     t - +0 pair of boots
MR     +....                    u - amulet of regeneration
Stlth  ++++++....               i - +4 ring of evasion
                                F - ring of protection from magic

@: wreathed by umbra, somewhat resistant to hostile enchantments, very stealthy
A: horns 3, nightstalker 2, magic shield, magic regeneration, magic link
a: Renounce Religion


You were on level 7 of the Dungeon.
You worshipped Dithmenos.
Dithmenos was aware of your devotion.
You were very hungry.

You visited 2 branches of the dungeon, and saw 9 of its levels.
You also visited: Sewer.

You collected 370 gold pieces.
You spent 97 gold pieces at shops.

Inventory:

Hand weapons
 a - a +2 dagger (weapon)
Armour
 b - a +1 robe (worn)
 t - a +0 pair of boots (worn)
 y - a +0 cloak (worn)
 D - a +1 pair of gloves (worn)
Jewellery
 g - an uncursed ring of sustain attributes
 i - a +4 ring of evasion (right hand)
 u - an amulet of regeneration (around neck)
 F - a ring of protection from magic (left hand)
Scrolls
 d - a scroll of magic mapping
 e - 5 scrolls of identify
 k - a scroll of remove curse
 o - 2 scrolls of teleportation
 p - 3 scrolls of blinking
 v - 3 scrolls of fog
 x - 3 scrolls of enchant armour
Potions
 f - 2 potions of curing
 j - a potion of ambrosia
 z - 4 potions of agility
 C - a potion of brilliance
Books
 c - a book of Maledictions

   Spells                             Type                      Level
   a - Corona                         Hexes                        1
   b - Ensorcelled Hibernation        Hexes/Ice                    2
   c - Confuse                        Hexes                        3
   d - Tukima's Dance                 Hexes                        3
   e - Dazzling Spray                 Conjuration/Hexes            3
 n - a book of Necromancy

   Spells                             Type                      Level
   a - Pain                           Necromancy                   1
   b - Animate Skeleton               Necromancy                   1
   c - Vampiric Draining              Necromancy                   3
   d - Regeneration                   Charms/Necromancy            3
   e - Animate Dead                   Necromancy                   4
   f - Control Undead                 Necromancy                   4
 q - a book of Battle

   Spells                             Type                      Level
   a - Infusion                       Charms                       1
   b - Shroud of Golubria             Charms/Translocation         2
   c - Song of Slaying                Charms                       2
   d - Spectral Weapon                Hexes/Charms                 3
   e - Regeneration                   Charms/Necromancy            3
 s - a Fen Folio

   Spells                             Type                      Level
   a - Corpse Rot                     Necromancy                   2
   b - Stone Arrow                    Conjuration/Earth            3
   c - Leda's Liquefaction            Hexes/Earth                  4
   d - Summon Forest                  Summoning/Translocation      5
   e - Hydra Form                     Transmutation                6
   f - Summon Hydra                   Summoning                    7
 w - a book of Ice

   Spells                             Type                      Level
   a - Ice Form                       Ice/Transmutation            4
   b - Metabolic Englaciation         Hexes/Ice                    5
   c - Ozocubu's Refrigeration        Ice                          6
   d - Bolt of Cold                   Conjuration/Ice              6
   e - Freezing Cloud                 Conjuration/Ice/Air          6
   f - Simulacrum                     Ice/Necromancy               6
Comestibles
 h - 4 beef jerkies
 l - 2 meat rations
 r - 5 fruits


   Skills:
 - Level 6.2 Short Blades
 - Level 1.7 Dodging
 + Level 6.8 Stealth
 + Level 6.2 Spellcasting
 + Level 7.3 Hexes


You had 11 spell levels left.
You knew the following spells:

 Your Spells              Type           Power        Failure   Level  Hunger
a - Corona                Hex            #####..      1%          1    None
b - Ensorcelled Hibernat  Hex/Ice        ###...       3%          2    None
c - Confuse               Hex            #####...     1%          3    ##.....
d - Spectral Weapon       Hex/Chrm       ###.....     10%         3    ##.....


Dungeon Overview and Level Annotations

Branches:
Dungeon (8/15)             Temple (1/1) D:6
   Lair: D:8-11

Altars:
Ashenzari
Cheibriados
Dithmenos
Elyvilon
Fedhas
Gozag
Kikubaaqudgha
Nemelex Xobeh
Qazlal
Ru
Sif Muna
Trog
Vehumet
Yredelemnul
Zin
The Shining One

Shops:
D:4 ((?!

Annotations:
D:3 Tursam's ghost, average DsEn
D:7 Gastronok


Innate Abilities, Weirdness & Mutations

You have a pair of large horns on your head.
You are significantly more attuned to the shadows.
When hurt, damage is shared between your health and your magic reserves.
You regenerate magic rapidly.
When low on magic, you restore magic in place of health.


Message History

You are feeling very hungry.
The crocodile bites your spectral weapon!
Your spectral weapon shares its damage with you!
You hit Gastronok but do no damage.
Your spectral weapon hits Gastronok but does no damage.
You hit Gastronok but do no damage. You headbutt Gastronok!
Gastronok is lightly wounded.
Your spectral weapon hits Gastronok.
The crocodile bites your spectral weapon!!
Your spectral weapon shares its damage with you!
Your spectral weapon fades away.
Gastronok bites you!!
You climb upwards.
There is a stone staircase leading down here.
Gastronok's eyestalks quiver as he mumbles some strange words.
The bat closely misses you. The quokka misses you. The bat misses you.
The bat hits you but does no damage.
Gastronok waves his eye-stalks in wide circles.
The air twists around and strikes you!
You die...

####### #†### ......# #...#
......# ##.#.####### ......#
############..#.......#
......###......w......#.#######
......'.'.......>.......#
......###...........(.#.#
......# #..)...bbr...##.#
......# ########@###.##.#
###'### #.# #.##.# #.# #.#
#....#
###.############.###.##.#
................<....##.#
.##.#####...............# .##.#
#.########.#)#.##
.##.#####.......##.#.#.#######
........#.#####.##.#.........#


You could see Gastronok, a quokka and 2 bats.

Vanquished Creatures
  The ghost of Tursam the Sneak, an average DsEn (D:6)
  A water moccasin (D:7)
  4 sky beasts
  An ice beast (D:6)
  3 ogres
  4 phantoms
  An orc warrior (D:7)
  3 giant frogs (D:6)
  Blork the orc (D:6)
  A wyvern skeleton (D:7)
  6 killer bees (D:7)
  A quasit (D:7)
  A hound (D:4)
  2 crimson imps (D:7)
  2 orc wizards (D:7)
  A jelly (D:8)
  6 orc priests
  2 iguanas
  5 worker ants
  A hound skeleton (D:5)
  16 adders
  A river rat (D:6)
  A shadow imp (D:7)
  4 oozes
  An adder skeleton (D:7)
  6 giant geckos
  12 orcs
  7 bats
  2 bat skeletons
  5 giant cockroaches
  10 goblins
  9 hobgoblins
  16 jackals
  4 quokkas
  8 ball pythons
  A giant gecko skeleton (D:5)
  4 giant newts
  14 kobolds
  12 rats
  2 butterflies
  5 plants (Sewer)
187 creatures vanquished.

Vanquished Creatures (others)
  A plant (Sewer)
  A spectral weapon (D:8)
2 creatures vanquished.

Grand Total: 189 creatures vanquished

Notes
Turn   | Place    | Note
--------------------------------------------------------------
     0 | D:1      | wtf the Demonspawn Enchanter began the quest for the Orb.
     0 | D:1      | Reached XP level 1. HP: 13/13 MP: 3/3
    50 | D:1      | Reached skill level 1 in Short Blades
   636 | D:1      | Gained mutation: When hurt, damage is shared between your health and your magic reserves. [demonic ancestry]
   636 | D:1      | Reached XP level 2. HP: 19/19 MP: 5/5
  1138 | D:2      | Learned a level 2 spell: Ensorcelled Hibernation
  1315 | D:2      | Gained mutation: You have a pair of small horns on your head. [demonic ancestry]
  1315 | D:2      | Reached XP level 3. HP: 18/24 MP: 3/6
  2186 | D:3      | Noticed Tursam's ghost (average DsEn)
  2211 | D:2      | Learned a level 3 spell: Confuse
  2403 | D:3      | Gained mutation: You have a pair of horns on your head. [demonic ancestry]
  2403 | D:3      | Reached XP level 4. HP: 25/30 MP: 3/7
  2597 | D:3      | Reached skill level 4 in Short Blades
  2907 | D:4      | Found Keter's Distillery.
  2907 | D:4      | Found Luez's Magic Scroll Boutique.
  2907 | D:4      | Noticed a phantom
  3076 | D:4      | Killed a phantom
  3076 | D:4      | Reached skill level 5 in Short Blades
  3076 | D:4      | Gained mutation: You have a pair of large horns on your head. [demonic ancestry]
  3076 | D:4      | Reached XP level 5. HP: 35/35 MP: 1/8
  3128 | D:4      | Bought a scroll of blinking for 97 gold pieces
  3232 | D:4      | Found Ykluem's Antique Weapon Emporium.
  3272 | D:4      | Noticed a phantom
  3327 | D:4      | Killed a phantom
  3327 | D:4      | Gained mutation: You regenerate magic rapidly. [demonic ancestry]
  3327 | D:4      | Reached XP level 6. HP: 41/41 MP: 5/9
  3332 | D:4      | Reached skill level 6 in Short Blades
  3537 | D:4      | Found Magumaph's Antique Weapon Shop.
  3567 | D:4      | Found a glowing golden altar of the Shining One.
  3616 | D:5      | Entered Level 5 of the Dungeon
  3743 | D:5      | Gained mutation: You are slightly more attuned to the shadows. [demonic ancestry]
  3743 | D:5      | Reached XP level 7. HP: 39/46 MP: 7/10
  4342 | D:6      | Noticed Blork the orc
  4432 | D:6      | Killed Blork the orc
  4447 | D:6      | Gained mutation: You are significantly more attuned to the shadows. [demonic ancestry]
  4447 | D:6      | Reached XP level 8. HP: 52/52 MP: 7/13
  4522 | D:6      | Reached skill level 5 in Hexes
  4688 | D:6      | Reached skill level 5 in Stealth
  4692 | D:6      | Found a staircase to the Ecumenical Temple.
  4765 | D:6      | Found a glowing drain.
  4778 | Sewer    | Entered a sewer
  5867 | Temple   | Entered the Ecumenical Temple
  6227 | D:6      | Found a snail-covered altar of Cheibriados.
  6294 | D:6      | Killed Tursam's ghost
  6294 | D:6      | Reached skill level 5 in Spellcasting
  6508 | D:7      | Found a shadowy altar of Dithmenos.
  6529 | D:7      | Gained mutation: When low on magic, you restore magic in place of health. [demonic ancestry]
  6529 | D:7      | Reached XP level 9. HP: 37/57 MP: 5/17
  6590 | D:7      | Became a worshipper of Dithmenos the Shadowed
  6685 | D:7      | Found a shattered altar of Ashenzari.
  7112 | D:7      | Reached skill level 7 in Hexes
  7345 | D:8      | Noticed Gastronok
  7453 | D:7      | Learned a level 3 spell: Spectral Weapon
  7464 | D:7      | Killed from afar by Gastronok

Vault maps used:
D:1:      dpeg_arrival_signposts
D:2:      minmay_shallow_snake_nest
D:3:      first_bread
D:4:      lemuel_crystal_altar, serial_shops, shop, shop, kennysheep_little_box,
          shop, kennysheep_generic_room_11
D:5:      minmay_item_behind_shaft, st_stairs_13, minmay_misc_feat_diagonals
D:6:      kennysheep_mini_moat, minmay_temple_entry_butterflies,
          gup_sewer_entry_bubbles, uniq_blork_the_orc
D:7:      nicolae_dithmenos_through_a_glass_darkly, ashenzari_altar_1
D:8:      okawaru_ov_weapons_minmay, grunt_temple_overflow_champion_of_chaos,
          dpeg_lair_monsters, serial_shops, shop_fountains,
          nicolae_shop_overgrown_old_shop, serial_ice, serial_ice_f,
          serial_ice_l, serial_ice_h, serial_ice_e, uniq_pikel, uniq_gastronok
Temple:   zaba_magenta_temple_12
Sewer:    sewer_co_scattered_pipes

Action                   |  1- 3 |  4- 6 |  7- 9 || total
-------------------------+-------+-------+-------++-------
Melee: Dagger            |   172 |   189 |   603 ||   964
 Cast: Corona            |     6 |       |       ||     6
       Ensorcelled Hiber |     5 |    11 |    67 ||    83
       Confuse           |       |     6 |    16 ||    22
       Spectral Weapon   |       |       |     2 ||     2
  Use: Potion            |       |     2 |     9 ||    11
       Scroll            |       |       |    12 ||    12
 Stab: Sleeping          |     4 |    15 |    53 ||    72
       Confused          |       |     3 |     7 ||    10
       Distracted        |       |       |     1 ||     1
  Eat: Chunk             |     4 |     2 |     9 ||    15
       Bread ration      |       |     1 |     2 ||     3
